 Dungeon Crawl Stone Soup version 0.27-a0-1497-gf8f22f7954 (webtiles) character file.

Game seed: 919183901559921404

669 Froggeryz the Cudgeller (level 7, 0/82 HPs)
             Began as a Palentonga Berserker on July 7, 2021.
             Was a Believer of Trog.
             Slain by a kobold brigand (3 damage)
             ... in a sewer.
             The game lasted 00:04:59 (4744 turns).

Froggeryz the Cudgeller (Palentonga Berserker)      Turns: 4744, Time: 00:05:00

Health: 0/82       AC: 15    Str: 22    XL:     7   Next: 32%
Magic:  7/7        EV:  9    Int:  7    God:    Trog [**....]
Gold:   80         SH:  4    Dex: 10    Spells: 6/6 levels left

rFire    . . .     SeeInvis +   a - +0 mace
rCold    + . .     Faith    .   (no shield)
rNeg     . . .     Spirit   .   f - +2 animal skin
rPois    .         Reflect  .   c - +1 helmet
rElec    .         Harm     .   (no cloak)
rCorr    .         Rampage  .   (no gloves)
Will     ++...                  (no barding)
Stlth    ..........             (no amulet)
HPRegen  1.23/turn              e - ring of protection from cold
MPRegen  0.10/turn              (no ring)

@: berserking, lethally poisoned (0 -> -2), strong-willed, regenerating, slowed,
curled up, very slow
A: large, rugged brown scales 3, see invisible, deformed body, roll 2, armoured
tail, reflexive curl, large bone plates 1, MP-powered wands, sturdy frame 1
a: Rolling Charge, Renounce Religion, Berserk, Trog's Hand


You were in a sewer.
You worshipped Trog.
Trog was pleased with you.
You visited 1 branch of the dungeon, and saw 3 of its levels.
You also visited: Sewer.

You collected 80 gold pieces.

Inventory:

Hand Weapons
 a - a +0 mace (weapon)
Missiles
 g - 34 poisoned darts
 i - 6 silver boomerangs (quivered)
Armour
 c - a +1 helmet (worn)
 f - a +2 animal skin (worn)
Jewellery
 e - a ring of protection from cold (left hand)
Scrolls
 b - a scroll of teleportation
 d - 2 scrolls of enchant armour
 j - a scroll of magic mapping {unknown}
 k - a scroll of blinking {unknown}


   Skills:
 - Level 3.0 Fighting
 * Level 7.2 Maces & Flails
 + Level 1.7 Throwing
 - Level 3.4 Armour
 - Level 1.5 Dodging


You had 6 spell levels left.
You didn't know any spells.
Your spell library was empty.

Dungeon Overview and Level Annotations

Branches:
Dungeon (3/15)              Sewer (1/1)

Altars:
Zin

Shops:
D:1 (


Innate Abilities, Weirdness & Mutations

You are completely covered in rugged brown scales. (AC +3, +7% HP)
You have supernaturally acute eyesight. (SInv)
Armour fits poorly on your strangely shaped body.
You can roll at foes to attack.
You have a long armoured tail.
You curl defensively after being hit.
You are partially covered in large bone plates. (SH +4)
You expend magic power (3 MP) to strengthen your wands.
Your movements are slightly less encumbered by armour. (ER -2)


Message History

You hit the kobold brigand but do no damage.
Your tail-slap misses the kobold brigand.
The kobold brigand is almost dead.
You feel extremely sick.
The kobold brigand hits you but does no damage.
The kobold brigand completely misses you.
You closely miss the kobold brigand.
Your tail-slap misses the kobold brigand.
The kobold brigand is almost dead.
You feel very sick. The kobold brigand barely misses you.
The kobold brigand throws a curare-tipped dart.
The curare-tipped dart hits you.
You are lethally poisoned!
You have difficulty breathing.
* * * LOW HITPOINT WARNING * * *
You feel as though you will be slow longer.
It was a potion of heal wounds.
You feel much better.
You feel extremely sick. You block the kobold brigand's attack.
The kobold brigand barely misses you.
You hit the kobold brigand but do no damage.
Your tail-slap misses the kobold brigand.
The kobold brigand is almost dead.
You feel very sick.
The kobold brigand hits you with a +0 whip.
* * * LOW HITPOINT WARNING * * *
The kobold brigand hits you with a +0 dagger.
* * * LOW HITPOINT WARNING * * *
A red film seems to cover your vision as you go berserk!
You feel yourself moving faster!
You feel mighty!
* * * LOW HITPOINT WARNING * * *
You feel very sick. The kobold brigand closely misses you.
The kobold brigand barely misses you. The kobold brigand closely misses you.
You barely miss the kobold brigand. You tail-slap the kobold brigand.
You kill the kobold brigand!
Trog accepts your kill.
You feel sick.
The kobold brigand hits you with a +0 dagger.
You die...

#.≈≈†≈###.≈....≈####.≈≈≈.≈≈≈.####
####### #≈≈≈..≈≈.# ##...≈≈≈.## #≈
#.≈≈)≈###≈.≈.≈...####≈...≈≈.####.
#####≈.≈≈≈####....##≈≈.≈≈.≈.≈##.≈
#.≈≈≈≈##### ##.≈≈..≈.≈≈≈.≈≈.≈.≈.
####### ##≈≈..≈......≈.≈≈≈≈
#≈≈...≈≈.....≈..≈≈
#≈.≈≈≈≈.∩.∩≈≈≈.≈.≈
#@K≈.≈≈≈...≈.≈.≈≈≈ #####
##)≈..≈≈≈.≈.......≈ #.≈≈≈≈#####
##≈≈≈.≈.≈≈.....≈≈...
#K≈.≈≈####.≈.≈##≈≈..≈.≈≈≈##.≈
#.≈≈≈K###≈....≈≈.####≈.≈≈..≈####.
##### #≈≈.≈.≈≈.# ##≈..≈.≈≈## #.
#≈≈..≈..####..≈≈≈≈.≈≈####
≈≈≈≈########.≈..≈≈..≈≈≈≈≈## #####
#≈≈≈≈≈#####.≈≈≈≈#


You could see a kobold brigand.

Vanquished Creatures
  Grinder (D:3)
  5 kobold brigands (Sewer)
  A jelly (D:3)
  Robin (D:2)
  4 adders
  2 river rats
  4 worms
  7 ball pythons
  5 bats
  10 endoplasms
  3 giant cockroaches (D:2)
  9 goblins
  4 hobgoblins
  3 jackals (D:3)
  7 kobolds
  A quokka (D:3)
  4 frilled lizards
  11 rats
82 creatures vanquished.

Notes
Turn   | Place    | Note
-------+----------+-------------------------------------------
     0 | D:1      | Froggeryz the Palentonga Berserker began the quest for the
                  | Orb.
     0 | D:1      | Reached XP level 1. HP: 19/19 MP: 1/1
    44 | D:1      | Found Kubossay's Weapon Emporium.
   364 | D:1      | Reached XP level 2. HP: 25/25 MP: 2/2
  1469 | D:2      | Reached XP level 3. HP: 28/31 MP: 3/3
  1694 | D:2      | Reached ** piety under Trog
  1755 | D:2      | Reached skill level 4 in Maces & Flails
  2019 | D:2      | Noticed Robin
  2040 | D:2      | Gained mutation: You passively map a small area around you.
                  | [potion of mutation]
  2040 | D:2      | Gained mutation: You are frail. (-10% HP) [potion of
                  | mutation]
  2043 | D:2      | Lost mutation: You passively map a small area around you.
                  | [potion of mutation]
  2043 | D:2      | Lost mutation: You are frail. (-10% HP) [potion of
                  | mutation]
  2043 | D:2      | Gained mutation: You can roll at foes to attack. [potion of
                  | mutation]
  2043 | D:2      | Gained mutation: You are partially covered in large bone
                  | plates. (SH +4) [potion of mutation]
  2043 | D:2      | Gained mutation: You expend magic power (3 MP) to
                  | strengthen your wands. [potion of mutation]
  2043 | D:2      | Gained mutation: Your movements are slightly less
                  | encumbered by armour. (ER -2) [potion of mutation]
  2056 | D:2      | Killed Robin
  2401 | D:2      | Reached XP level 4. HP: 32/37 MP: 4/4
  3134 | D:3      | Noticed Grinder
  3148 | D:3      | Paralysed by Grinder for 3 turns
  3155 | D:3      | Killed Grinder
  3156 | D:3      | Reached skill level 6 in Maces & Flails
  3156 | D:3      | Reached XP level 5. HP: 3/43 MP: 5/5
  3156 | D:3      | Reached XP level 6. HP: 4/50 MP: 6/6
  3162 | D:3      | Found a glowing silver altar of Zin.
  3239 | D:3      | Found a glowing drain.
  3243 | Sewer    | Entered a sewer
  3794 | Sewer    | Reached skill level 1 in Throwing
  4146 | Sewer    | Gained mutation: You curl defensively after being hit.
                  | [Palentonga growth]
  4146 | Sewer    | Reached XP level 7. HP: 25/55 MP: 7/7
  4348 | Sewer    | Reached skill level 7 in Maces & Flails
  4743 | Sewer    | HP: 4/82 [poisoned by a kobold brigand (curare-tipped
                  | dart)]
  4744 | Sewer    | Slain by a kobold brigand

Illustrated notes

Levels and vault maps discovered:
D:1:      mushboom_english_gardens, layout_basic, serial_shops,
          nicolae_shop_temple_entry_statues_fountains
D:2:      layout_basic, uniq_robin
D:3:      layout_loops_corners, trog_wizard, mainiacjoe_overflow_tiny_flanked,
          gup_sewer_entry_bowl, kennysheep_potato, uniq_grinder,
          uniq_crazy_yiuf_cottage, uniq_terence
Sewer:    sewer_co_tree

Skill      XL: |  1  2  3  4  5  6  7 |
---------------+----------------------+-----
Armour         | 2 3 |  3.4
Maces & Flails | 4 6 7 |  7.2
Throwing       | 1 |  1.7
Fighting       | |  3.0
Dodging        | |  1.5

Action                   |  1- 3 |  4- 6 |  7- 9 || total
-------------------------+-------+-------+-------++-------
Melee: Mace              |   116 |   118 |    29 ||   263
       Tailslap          |     7 |    19 |     4 ||    30
Throw: Boomerang         |       |     5 |       ||     5
Invok: Berserk           |     3 |     1 |     1 ||     5
       Trog's Hand       |       |     2 |     2 ||     4
 Abil: Rolling Charge    |       |       |     1 ||     1
  Use: Scroll            |     1 |       |     2 ||     3
       Potion            |     2 |     2 |     1 ||     5
 Stab: Sleeping          |     2 |       |       ||     2
Armor: Animal skin       |    46 |    37 |     7 ||    90
Dodge: Dodged            |    60 |    36 |    18 ||   114
Block: Other             |     4 |    12 |     8 ||    24

Table legend: (Time is in decaauts)
 A = Elapsed time spent in this place.
 B = Non-inter-level travel time spent in this place.
 C = Inter-level travel time spent in this place.
 D = Time resting spent in this place.
 E = Time spent auto-exploring this place.
 F = Levels seen in this place.
 G = Mean time per level.
                   A        B        C        D        E       F      G
               +--------+--------+--------+--------+--------+-----+--------+
         Total |   4981 |   4876 |    105 |    662 |   3473 |   4 | 1245.2 |
       Dungeon |   3307 |   3202 |    105 |    108 |   2625 |   3 | 1102.3 |
         Sewer |   1674 |   1674 |      0 |    554 |    848 |   1 | 1674.0 |
               +--------+--------+--------+--------+--------+-----+--------+

Top non-repeatable levels by time:
     D:2: 1791 daAuts
   Sewer: 1674 daAuts
     D:1: 1094 daAuts
     D:3: 421 daAuts
